 Dungeon Crawl Stone Soup version 0.29.0-15-g675c0067aa (webtiles) character file.

Game seed: 16570783912405108366

7 qw the Sneak (level 2, -5/19 HPs)
             Began as a Gargoyle Delver on Sept 11, 2022.
             Splashed by a jelly's acid (7 damage)
             ... on level 3 of the Dungeon.
             The game lasted 00:00:09 (628 turns).

qw the Sneak (Gargoyle Delver)                       Turns: 628, Time: 00:00:09

Health: -5/19      AC:  9    Str: 15    XL:     2   Next: 4%
Magic:  2/2        EV:  4    Int: 10    God:
Gold:   50         SH:  0    Dex: 11    Spells: 1/1 levels left

rFire   . . .      SeeInvis .   Y - +0 hand axe
rCold   . . .      Faith    .   (no shield)
rNeg    + . .      Spirit   .   i - +0 plate armour
rPois   inf        Reflect  .   (no helmet)
rElec   +          Harm     .   (no cloak)
rCorr   .          Rampage  .   (no gloves)
Will    .....                   (no boots)
Stlth   ..........              (no amulet)
HPRegen 0.06/turn               (no ring)
MPRegen 0.08/turn               (no ring)

@: corroded
A: sickness immunity, AC +2, negative energy resistance 1, electricity
resistance, torment resistance 1, petrification resistance
a: no special abilities


You were on level 3 of the Dungeon.
You visited 1 branch of the dungeon, and saw 3 of its levels.

You collected 50 gold pieces.


Innate Abilities, Weirdness & Mutations

You are immune to sickness and miasma.
Your stone body is resilient. (AC +2)
You are immune to poison.
You resist negative energy. (rN+)
You are resistant to electric shocks. (rElec)
You are resistant to unholy torment.
You are immune to petrification.


   Skills:
 - Level 3.2 Fighting
 + Level 2.1 Axes
 - Level 1.0 Armour
 - Level 1.5 Dodging
 - Level 5.4 Stealth


You had one spell level left.
You didn't know any spells.
Your spell library was empty.

Inventory:

Hand Weapons
 j - a +1 whip of venom
 Y - a +0 hand axe (weapon)
Armour
 i - a +0 plate armour (worn)
Wands
 g - a wand of digging (3)
Potions
 f - a potion of haste
 h - a potion of cancellation {unknown}

Dungeon Overview and Level Annotations

Branches:
Dungeon (5/15)
 Temple: D:4-7

Altars:


Message History

You start waiting.
Your hearing returns.
A goblin is nearby!
605 ||| FLEEEEING.
The goblin shouts!
Enter note:
Enter note:
Enter note:
606 ||| FLEEEEING.
Found a scroll labelled QEADAX QILEOMI.
607 ||| FLEEEEING.
609 ||| FLEEEEING.
610 ||| FLEEEEING.
611 ||| FLEEEEING.
There is a stone staircase leading up here.
612 ||| STAIRDANCE You climb upwards.
The jelly quivers.
Found 10 gold pieces.
There is a stone staircase leading down here.
Existing waypoints: (1) D:4 (2) D:5 Assign waypoint to what number? (0-9, D - delete waypoint) Waypoint 2 re-assigned from D:5 to D:3.
A jelly is nearby!
You hit the jelly.
Your hands burn!
The jelly is lightly wounded.
The jelly hits you but does no damage.
You completely miss the jelly.
The jelly is lightly wounded.
The jelly hits you but does no damage.
You hit the jelly.
Your hands burn!
The jelly is heavily wounded.
The jelly hits you but does no damage.
You hit the jelly.
Your hands burn!
The jelly is heavily wounded.
The jelly hits you. The acid corrodes you!
You are splashed with acid.
You hit the jelly.
Your hands burn!
The jelly is severely wounded.
The jelly hits you.
You are splashed with acid!
You die...

.. .. .#
.. ###.
#.$ #.#
#@# #J#
#.# #.#
#>#
#........
#######..


You could see a jelly.

Vanquished Creatures
  3 orcs (D:4)
  A quokka (D:4)
4 creatures vanquished.

Notes
Turn   | Place    | Note
-------+----------+-------------------------------------------
     0 | D:5      | qw the Gargoyle Delver began the quest for the Orb.
     0 | D:5      | Reached XP level 1. HP: 14/14 MP: 1/1
     0 | D:5      | 0 ||| qw: Version: 0.1-a-118-gb4e7ce6
     0 | D:5      | 0 ||| qw: Game counter: 10538
     0 | D:5      | 0 ||| qw: Always use a shield: true
     0 | D:5      | 0 ||| qw: God list: Okawaru
     0 | D:5      | 0 ||| qw: Allow faded altars: false
     0 | D:5      | 0 ||| qw: Do Orc after D:15 true
     0 | D:5      | 0 ||| qw: Do second Lair branch before Depths: true
     0 | D:5      | 0 ||| qw: Lair rune preference: random
     0 | D:5      | 0 ||| qw: Plans: Normal
     0 | D:5      | 0 ||| PLANNING D:1-11
    26 | D:5      | 26 ||| UPGRADING to +0 plate armour.
    36 | D:5      | 36 ||| DROPPING +0 leather armour.
    37 | D:5      | 37 ||| DROPPING scroll of fog.
    38 | D:5      | 38 ||| DROPPING scroll of magic mapping.
    39 | D:5      | 39 ||| DROPPING scroll of fear.
    45 | D:5      | Noticed an ogre
    46 | D:5      | 46 ||| FLEEEEING.
    47 | D:5      | 47 ||| STAIRDANCE
   355 | D:4      | Reached skill level 1 in Armour
   359 | D:4      | Reached XP level 2. HP: 7/19 MP: 2/2
   555 | D:4      | 555 ||| DROPPING +0 club.
   578 | D:4      | 578 ||| DROPPING ring of magical power.
   579 | D:4      | 579 ||| READING scroll labelled GAACSEJU OGOPU.
   580 | D:4      | 580 ||| READING scroll labelled RAUPNIZXAPRA.
   605 | D:4      | 605 ||| FLEEEEING.
   606 | D:4      | 606 ||| FLEEEEING.
   607 | D:4      | 607 ||| FLEEEEING.
   609 | D:4      | 609 ||| FLEEEEING.
   610 | D:4      | 610 ||| FLEEEEING.
   611 | D:4      | 611 ||| FLEEEEING.
   612 | D:4      | 612 ||| STAIRDANCE
   628 | D:3      | HP: 3/19 [acid (2)]
   628 | D:3      | Splashed by a jelly's acid

Levels and vault maps discovered:
D:3:      layout_loops_ring, corexii_shack, hangedman_decor_opposing
D:4:      layout_basic, serial_glass, glass_columns_a, glass_columns_a,
          glass_columns_c, glass_columns_b, glass_columns_a, glass_columns_a,
          feat_on_display, due_unseen_surprise, minmay_misc_feat_chi,
          corexii_checkpoint_b, kennysheep_generic_room_5
D:5:      layout_basic, minmay_temple_entry_glassed_door, uniq_menkaure

Skill      XL: |  1 |
---------------+----+-----
Armour         | 1 |  1.0
Axes           | 2 |  2.1
Fighting       | |  3.2
Dodging        | |  1.5
Stealth        | |  5.4

Action                   || total
-------------------------++-------
Melee: Hand axe          ||    24
  Use: Scroll            ||     2
Armor: Plate armour      ||    20
Dodge: Dodged            ||     1

Table legend:
 A = Non-vault XP
 B = Vault XP
 C = Vault XP percentage of total XP
 D = Non-vault monster count
 E = Vault monster count
 F = Vault count percentage of total count
                 A         B        C        D         E       F
            +---------+---------+-------+---------+---------+-------
      Total |      11 |       0 |   0.0 |       4 |       0 |   0.0
            +---------+---------+-------+---------+---------+-------
        D:4 |      11 |       0 |   0.0 |       4 |       0 |   0.0
            +---------+---------+-------+---------+---------+-------
